Map: Ley Lines

Players

LiquidCure (Cure) - Winner!

  • Race: Terran Terran
  • Spawn Location: 1:00

최은하

  • Race: Zerg Zerg
  • League: Diamond
  • Spawn Location: 7:00

VOD

Have the link to the VOD?

Description

Time

  • Played on: Jan. 21, 2025, 5:23 a.m.
  • Length: 7:41
Show
View Real Time Build Order
Export as new Build Order

LiquidCure Terran - Winner!

Build Orders: 3 CC, Reaper Expand, Hellion Banshee 

Get SALT Encoding   

  12  0:00  SCV  
  13  0:12  SCV  
  14  0:17  Supply Depot  
  14  0:24  SCV  
  15  0:38  SCV  
  15  0:39  Barracks  
  16  0:42  Refinery  
  16  0:50  SCV  
  17  1:02  SCV  
  18  1:14  SCV  
  19  1:26  Orbital Command, Reaper  
  20  1:38  Command Center  
  20  1:46  Supply Depot  
  20  1:52  SCV  
  21  1:58  Marine  
  22  2:04  SCV  
  23  2:10  Factory  
  23  2:16  SCV  
  23  2:18  Marine  
  25  2:28  SCV  
  26  2:40  SCV  
  27  2:44  Barracks Reactor  
  27  2:45  Command Center  
  27  2:52  SCV  
  27  2:56  Orbital Command  
  28  3:05  SCV  
  29  3:06  Starport  
  29  3:12  Refinery  
  29  3:17  SCV  
  30  3:22  SCV  
  30  3:24  Hellion x2  
  35  3:27  Barracks Tech Lab  
  35  3:29  SCV  
  36  3:35  SCV  
  37  3:41  SCV  
  37  3:45  Hellion x2  
  37  3:48  SCV  
  43  3:53  SCV  
  44  3:57  Banshee  
  44  3:58  Cloaking Field, Orbital Command  
  44  4:02  SCV  
  48  4:04  Supply Depot  
  48  4:05  SCV  
  51  4:10  Hellion x2  
  51  4:16  Barracks Tech Lab  
  53  4:19  SCV x2  
  53  4:22  Orbital Command  
  55  4:27  Supply Depot  
  55  4:31  SCV  
  55  4:32  SCV  
  55  4:35  Marine, Barracks  
  58  4:39  Banshee  
  58  4:40  Barracks  
  58  4:41  Stimpack  
  58  4:44  SCV x2  
  63  4:48  Refinery  
  63  4:49  Factory Reactor  
  63  4:50  Refinery  
  63  4:53  SCV  
  63  4:55  Marine  
  63  4:56  SCV x2  
  67  5:07  SCV  
  67  5:08  SCV x2  
  66  5:17  Marine  
  66  5:19  Engineering Bay  
  67  5:22  Engineering Bay  
  67  5:23  SCV x3  
  67  5:24  Barracks  
  67  5:25  Barracks  
  70  5:34  Marine, Supply Depot  
  70  5:35  SCV x3, Marine x2, Starport Reactor  
  71  5:39  Siege Tank, Marine x2  
  73  5:47  SCV x3  
  76  5:52  Marine  
  76  5:53  Marine x2, Supply Depot  
  76  5:56  Marine  
  76  6:02  SCV x2  
  76  6:03  SCV  
  79  6:06  Marine  
  79  6:11  Marine x3  
  83  6:13  Barracks Reactor x2  
  83  6:14  Siege Tank, Marine  
  83  6:17  SCV x2, Refinery  
  89  6:21  SCV  
  89  6:22  Medivac, Supply Depot  
  92  6:32  Marine  
  93  6:35  Supply Depot  
  93  6:36  Supply Depot  
  93  6:43  Medivac, SCV x2, Marine x4  
  101  6:51  Armory  
  101  6:57  Siege Tank, Marine x5  
  101  6:58  SCV  
  101  7:01  Marine x2  
  110  7:02  Barracks x3  
  110  7:03  Supply Depot  
  110  7:06  Marine x2  
  110  7:08  Supply Depot  
  114  7:14  Marine  
  114  7:15  Supply Depot  
  126  7:37  Supply Depot  
Show
View Real Time Build Order
Export as new Build Order

최은하 Zerg 

Build Orders: Hatch First 

Get SALT Encoding   

  12  0:00  Drone  
  13  0:12  Overlord  
  13  0:17  Drone  
  14  0:30  Drone x2  
  16  0:47  Hatchery  
  15  0:50  Drone  
  15  0:54  Drone  
  17  0:57  Drone  
  18  1:08  Extractor  
  17  1:13  Spawning Pool  
  17  1:17  Drone  
  17  1:19  Drone  
  18  1:27  Drone  
  19  1:39  Drone  
  20  1:49  Drone  
  21  2:00  Queen x2  
  26  2:01  Zergling x4  
  27  2:10  Overlord  
  27  2:25  Hatchery  
  26  2:32  Metabolic Boost  
  26  2:35  Drone x2  
  27  2:49  Drone x4  
  31  2:54  Queen  
  33  3:02  Drone x2  
  33  3:03  Drone  
  36  3:07  Overlord  
  36  3:20  Overlord  
  36  3:30  Spore Crawler  
  36  3:36  Queen  
  36  3:40  Drone  
  36  3:41  Drone x2  
  45  3:42  Drone  
  46  3:53  Zergling x2  
  46  3:54  Zergling x4  
  49  3:55  Zergling x2  
  49  4:00  Overlord  
  50  4:04  Overlord  
  50  4:13  Overlord  
  50  4:15  Queen x3  
  50  4:20  Drone x4  
  50  4:21  Drone x4  
  57  4:33  Drone x4  
  57  4:37  Evolution Chamber  
  60  4:40  Evolution Chamber  
  60  4:41  Overlord  
  60  4:42  Drone  
  60  4:46  Extractor x2  
  60  4:47  Drone x4  
  60  4:49  Extractor  
  61  4:55  Queen  
  54  5:16  Overlord  
  54  5:20  Roach Warren  
  47  5:30  Drone x16  
  63  5:42  Drone x3  
  60  5:44  Drone  
  57  5:54  Drone  
  57  5:55  Drone x2  
  55  6:04  Lair  
  52  6:11  Drone x5  
  52  6:12  Drone  
  52  6:17  Drone x2  
  55  6:20  Spore Crawler  
  52  6:31  Drone x3  
  52  6:39  Drone x3  
  51  6:51  Roach x2  
  55  6:55  Drone x2  
  55  6:56  Drone  
  55  6:57  Drone  
  59  7:04  Overseer  
  59  7:07  Roach  
  61  7:14  Roach  
  63  7:20  Roach  
Tags
 
Add a new tag
Caveats
  • Supply blocks, unpowered buildings, or Contaminate may cause inaccurate times.
  • Supply counts are checked every 10 seconds.